 Dungeon Crawl Stone Soup version 0.21.0-26-g889b8f6 (webtiles) character file.

66 JeffiDaFish the Stinger (level 3, 0/26 HPs)
             Began as a Draconian Venom Mage on Jan 28, 2018.
             Slain by a gnoll
             ... wielding a +1 flail of draining
              (1 damage)
             ... on level 2 of the Dungeon.
             The game lasted 00:05:11 (1254 turns).

JeffiDaFish the Stinger (Draconian Venom Mage)      Turns: 1254, Time: 00:05:12

Health: 0/26       AC:  5    Str: 10    XL:     3   Next: 96%
Magic:  0/6        EV: 12    Int: 15    God:
Gold:   90         SH:  0    Dex: 12    Spells: 3/6 levels left

rFire    + . .     SeeInvis .   f - +0 short sword
rCold    x . .     Gourm    .   (no shield)
rNeg     . . .     Faith    .   (armour unavailable)
rPois    .         Spirit   .   (helmet restricted)
rElec    .         Reflect  .   (no cloak)
rCorr    .         Harm     .   (no gloves)
MR       .....                  (no boots)
Stlth    ++........             (no amulet)
HPRegen  0.08/turn              e - ring of fire
MPRegen  0.10/turn              (no ring)

@: very slightly contaminated, drained
A: unfitting armour, cold-blooded, AC +5
a: no special abilities


You were on level 2 of the Dungeon.
You were very hungry.

You visited 1 branch of the dungeon, and saw 2 of its levels.

You collected 90 gold pieces.

Inventory:

Hand Weapons
 c - a +0 dagger
 f - a +0 short sword (weapon)
Jewellery
 e - a ring of fire (left hand)
Scrolls
 g - 3 scrolls of identify
Books
 a - a Young Poisoner's Handbook

   Spells                             Type                      Level
   a - Sting                          Conjuration/Poison           1
   b - Poisonous Vapours              Poison/Air                   2
   c - Mephitic Cloud                 Conjuration/Poison/Air       3
   d - Olgreb's Toxic Radiance        Poison                       4
   e - Venom Bolt                     Conjuration/Poison           5
Comestibles
 b - a ration


   Skills:
 + Level 2.3(2.0) Dodging
 + Level 2.4(2.1) Stealth
 + Level 2.4(2.1) Spellcasting
 + Level 1.8(1.5) Conjurations
 + Level 3.4(3.1) Poison Magic


You had 3 spell levels left.
You knew the following spells:

 Your Spells              Type           Power        Failure   Level  Hunger
a - Sting                 Conj/Pois      #...         9%          1    #......
b - Poisonous Vapours     Pois/Air       #.....       17%         2    ###....


Dungeon Overview and Level Annotations

Branches:
Dungeon (2/15)

Altars:


Innate Abilities, Weirdness & Mutations

Your plain brown scales are hard. (AC +5)
You cannot fit into any form of body armour.
You are cold-blooded and may be slowed by cold attacks.


Message History

The gnoll is severely wounded.
The gnoll hits you with a club.
Casting: Poisonous Vapours
Confirm with . or Enter, or press ? or * to list all spells.
Aiming: Poisonous Vapours
Press: ? - help, Dir - move target cursor, f - gnoll
Aim: a gnoll, wielding a flail of draining You miscast Poisonous Vapours.
You feel momentarily weightless. The gnoll barely misses you.
You closely miss the gnoll.
You tail-slap the gnoll, but do no damage.
The gnoll is severely wounded.
The gnoll hits you with a club!
You hit the gnoll.
You kill the gnoll!
You closely miss the gnoll.
The gnoll hits you with a flail of draining!
* * * LOW HITPOINT WARNING * * *
You feel drained.
You die...

#### #...#.
###......
#..?.g... #g# #g#
##### #@#
#####...#
#.######.##.#..###
#........#.###...#
########.)## ##..#
#.#.###...#
#....#...##
#####.##...
####.#####
#......#


You could see 2 gnolls.

Vanquished Creatures
  2 gnolls (D:2)
  3 oozes (D:1)
  A dart slug (D:1)
  A leopard gecko (D:1)
  4 giant cockroaches (D:1)
  3 goblins
  2 hobgoblins (D:1)
  A ball python (D:1)
  4 bats (D:1)
  6 kobolds
  5 rats (D:1)
32 creatures vanquished.

Notes
Turn   | Place    | Note
-------+----------+-------------------------------------------
     0 | D:1      | JeffiDaFish the Draconian Venom Mage began the quest for the Orb.
     0 | D:1      | Reached XP level 1. HP: 14/14 MP: 3/3
   171 | D:1      | Reached XP level 2. HP: 20/20 MP: 0/5
   492 | D:1      | Learned a level 2 spell: Poisonous Vapours
   768 | D:1      | Reached XP level 3. HP: 22/26 MP: 3/6
  1254 | D:2      | HP: 1/26 [gnoll/flail of draining (8)]
  1254 | D:2      | Slain by a gnoll

Skill      XL: |  1  2 |
---------------+-------+-----
Dodging        | 2 |  2.3
Stealth        | 2 |  2.4
Spellcasting   | |  2.4
Conjurations   | |  1.8
Poison Magic   | |  3.4

Action                   || total
-------------------------++-------
Melee: Dagger            ||    30
       Tailslap          ||    10
       Unarmed           ||     2
       Short sword       ||    50
 Cast: Sting             ||    21
       Poisonous Vapours ||     8
  Use: Scroll            ||     4
       Potion            ||     1
 Stab: Sleeping          ||     3
  Eat: Chunk             ||     1
Armor: Skin              ||    32
Dodge: Dodged            ||    58
